 Dungeon Crawl Stone Soup version 0.20.0-15-g7f486f2 (webtiles) character file.

72389 4thArraOfDagon the Fencer (level 15, -38/148 HPs)
             Began as a Minotaur Conjurer on June 9, 2017.
             Was a High Priest of Qazlal.
             Killed from afar by a deep elf annihilator (59 damage)
             ... with an iron shot
             ... on level 2 of the Elven Halls on June 10, 2017.
             The game lasted 01:07:32 (13516 turns).

4thArraOfDagon the Fencer (Minotaur Conjurer)      Turns: 13516, Time: 01:07:33

Health: -38/148    AC: 13    Str: 13      XL:     15   Next: 1%
Magic:  11/21      EV: 21    Int: 16 (17) God:    Qazlal [*****.]
Gold:   1524       SH:  7    Dex: 10 (12) Spells: 14/16 levels left

rFire    . . .     SeeInvis .   Z - +5 great sword (flame)
rCold    + + .     Gourm    .   (shield currently unavailable)
rNeg     . . .     Faith    +   R - +1 troll leather armour
rPois    .         Spirit   .   (helmet restricted)
rElec    .         Reflect  .   (no cloak)
rCorr    .         Harm     .   F - +0 pair of gloves
MR       +....                  B - +2 pair of boots
Stlth    +.........             j - amulet of faith
Regen    0.8/turn               l - +4 ring of evasion
MPRegen  0.2/turn               o - ring of protection from cold

@: protected from physical damage, slowed, repel missiles, very slow
A: retaliatory headbutt, horns 2, talons 1, cold resistance 1, deformed body,
deterioration 1, robust 1
a: Upheaval, Elemental Force, Disaster Area, Renounce Religion


You were on level 2 of the Elven Halls.
You worshipped Qazlal.
Qazlal was extremely pleased with you.
You were not hungry.

You visited 5 branches of the dungeon, and saw 25 of its levels.
You also visited: Bailey, Ice Cave and Volcano.

You collected 2231 gold pieces.
You spent 707 gold pieces at shops.

Inventory:

Hand Weapons
 V - a +1 scimitar of freezing
 Z - a +5 great sword of flaming (weapon)
Missiles
 x - 7 tomahawks of returning (quivered)
Armour
 d - the +1 chain mail "Kouriuh" {+Blink Str+7 Int-2 Stlth+}
   (You found it on level 5 of the Lair of Beasts)

   It affects your strength (+7).
   It affects your intelligence (-2).
   It lets you blink.
   It makes you more stealthy.
 i - the +1 robe of Busato {Dex+2}
   (You took it off a necromancer in an ice cave)

   It affects your dexterity (+2).
 B - a +2 pair of boots (worn)
 F - a +0 pair of gloves (worn)
 M - a +2 plate armour of cold resistance
 R - a +1 troll leather armour (worn)
 X - the +0 pair of boots of Orthodoxy {rN+}
   (You found it in a volcano)

   It protects you from negative energy.
 Y - a +2 large shield of fire resistance
Magical Staves
 e - an uncursed staff of poison {unknown}
 K - an uncursed staff of death {unknown}
Jewellery
 f - an uncursed ring of fire
 j - an amulet of faith (around neck)
 l - a +4 ring of evasion (left hand)
 o - a ring of protection from cold (right hand)
 C - an uncursed ring of wizardry
Wands
 b - a wand of random effects (18/48)
 k - a wand of disintegration (0/24)
 m - a wand of iceblast (0/15)
 u - a wand of clouds (0/9)
 y - a wand of paralysis (0/24)
 E - a wand of flame (12/48)
 Q - a wand of iceblast (1/15)
Scrolls
 q - 3 scrolls of amnesia
 r - a scroll of identify
 w - a scroll of blinking
 z - 9 scrolls of remove curse
 G - 5 scrolls of teleportation
 H - 5 scrolls of fear
 L - a scroll of recharging
 S - a scroll of immolation
Potions
 g - a potion of magic
 n - a potion of lignification
 p - 3 potions of mutation
 D - a potion of resistance
 I - 3 potions of agility
 N - a potion of flight
 O - 2 potions of invisibility
 T - 2 potions of haste
 W - 2 potions of might
Books
 s - a book of Ice

   Spells                             Type                      Level
   a - Ice Form                       Ice/Transmutation            4
   b - Metabolic Englaciation         Hexes/Ice                    5
   c - Ozocubu's Refrigeration        Ice                          6
   d - Bolt of Cold                   Conjuration/Ice              6
   e - Freezing Cloud                 Conjuration/Ice/Air          6
   f - Simulacrum                     Ice/Necromancy               6
 A - Ommyir's Disquisition on Toxins and Protection
   (You found it on level 3 of the Lair of Beasts)

   Spells                             Type                      Level
   a - Swiftness                      Charms/Air                   2
   b - Mephitic Cloud                 Conjuration/Poison/Air       3
   c - Spectral Weapon                Hexes/Charms                 3
   d - Alistair's Intoxication        Transmutation/Poison         5
   e - Ring of Flames                 Charms/Fire                  7
 P - a book of Cantrips

   Spells                             Type                      Level
   a - Confusing Touch                Hexes                        1
   b - Animate Skeleton               Necromancy                   1
   c - Summon Small Mammal            Summoning                    1
   d - Apportation                    Translocation                1
Miscellaneous
 h - a phantom mirror
 v - a lamp of fire
Comestibles
 c - 12 bread rations
 t - 5 meat rations


   Skills:
 + Level 13.0 Fighting
 * Level 18.3 Long Blades
 + Level 12.4 Armour
 + Level 11.8 Dodging
 - Level 1.5 Stealth
 - Level 1.3 Spellcasting
 - Level 2.9 Conjurations
 + Level 9.6 Invocations
 - Level 3.8 Evocations


You had 14 spell levels left.
You knew the following spells:

 Your Spells              Type           Power        Failure   Level  Hunger
a - Magic Dart            Conj           ##..         8%          1    ##.....
b - Apportation           Tloc           #.....       26%         1    ##.....


Dungeon Overview and Level Annotations

Branches:
Dungeon (13/15)            Temple (1/1) D:4            Lair (6/6) D:8
  Swamp (0/4) Lair:3          Orc (2/2) D:9             Elf (3/3) Orc:2
  Snake: Lair:2-4    Spider: Lair:2-4     Slime: Lair:5-6    Vaults: D:13-14

Altars:
Ashenzari
Cheibriados
Dithmenos
Elyvilon
Gozag
Hepliaklqana
Kikubaaqudgha
Makhleb
Nemelex Xobeh
Okawaru
Qazlal
Ru
Sif Muna
Trog
Uskayaw
Vehumet
Xom
Yredelemnul
Zin

Shops:
D:8 =   Orc:1 [   Orc:2 *!%(   Elf:3 [%

Annotations:
D:3 Grinder; Sigmund; greprep's ghost, amateur MiFi
D:6 Edmund
Orc:1 Fannar
Elf:3 dvd's ghost, adept HOFi


Innate Abilities, Weirdness & Mutations

You reflexively headbutt those who attack you in melee.
You have a pair of horns on your head.
You have sharp toenails.
Your flesh is cold resistant. (rC+)
Armour fits poorly on your strangely shaped body.
Your body sometimes deteriorates upon taking damage.
You are robust. (+10% HP)


Message History

Your headbutt misses the deep elf annihilator.
The deep elf annihilator hits you with a short sword.
* * * LOW HITPOINT WARNING * * *
You feel more protected from physical attacks.
Unknown command.
Unknown command.
You slash the deep elf annihilator! You burn the deep elf annihilator.
You headbutt the deep elf annihilator, but do no damage.
The deep elf annihilator is lightly wounded.
You hear a shout! x2
The deep elf annihilator hits you with a short sword!
* * * LOW HITPOINT WARNING * * *
Unknown command.
You barely miss the deep elf annihilator.
You headbutt the deep elf annihilator!
The deep elf annihilator is moderately wounded.
You block the deep elf annihilator's attack.
The deep elf annihilator casts a spell at you.
The iron shot hits you!
You die...

...... ......
##+#####.......
##......#.$.....
##...............
#.....§.§§.......
#.......§e?......
#......§@#.......
#......>##.......
#.....§§.<.......
#........#######.
+.......##
+......## #....?#
##...# ##.#


You could see a deep elf annihilator.

Vanquished Creatures
  Kirke (D:13)
  An orc warlord (Orc:1)
  3 dire elephants (Lair:6)
  4 hydras
  An anaconda (Lair:6)
  An alligator (Lair:2)
  5 dancing weapons
  9 two-headed ogres
  4 ogre magi
  4 deep elf knights
  5 wizards (Volcano)
  An unseen horror (D:11)
  4 deep elf archers (Elf:1)
  2 orc knights
  A necromancer (IceCv)
  A cyclops (D:11)
  14 deep elf magi
  A manticore (D:11)
  12 elephants
  5 toenail golems (Volcano)
  3 black mambas
  A freezing wraith (D:13)
  8 spiny frogs
  4 rime drakes
  3 ice statues (IceCv)
  6 komodo dragons
  4 ice devils (IceCv)
  3 trolls
  5 blink frogs
  5 hippogriffs
  2 water elementals (Elf:3)
  12 yaks
  A wyvern (Lair:4)
  A wraith (D:10)
  4 air elementals
  A shadow (D:11)
  2 hogs (D:13)
  2 basilisks
  A steam dragon (D:13)
  A hungry ghost (D:9)
  4 vampire mosquitoes (D:9)
  A warg (Orc:1)
  A naga (D:9)
  A soldier ant (D:13)
  14 water moccasins
  9 porcupines
  38 orc warriors
  A black bear (D:8)
  An ice beast (D:8)
  2 sky beasts
  A necrophage (D:5)
  3 phantoms
  33 ogres
  8 wolves
  6 centaurs
  11 crocodiles
  7 big kobolds (D:9)
  A wyvern zombie (D:11)
  A gnoll sergeant (D:9)
  9 bullfrogs
  2 earth elementals
  6 scorpions
  8 killer bees
  2 electric eels (Lair:1)
  3 vampire bats (D:6)
  6 crimson imps
  A centaur skeleton (D:9)
  A draconian simulacrum (IceCv)
  A quasit (D:8)
  3 hounds
  2 jellies
  12 orc priests
  A gnoll shaman (D:7)
  2 bullfrog skeletons (D:9)
  7 worker ants
  3 iguanas
  17 orc wizards
  3 troll simulacra (IceCv)
  A killer bee zombie (D:10)
  2 centaur simulacra (IceCv)
  A howler monkey zombie (D:11)
  8 adders
  12 gnolls
  3 naga simulacra (IceCv)
  An ogre simulacrum (IceCv)
  2 shadow imps
  An ooze (D:7)
  An adder skeleton (D:5)
  2 adder zombies (D:9)
  3 worms
  4 dart slugs
  5 leopard geckos
  84 orcs
  4 ball pythons
  2 bat skeletons (D:6)
  4 bat zombies (D:6)
  A giant cockroach (D:1)
  6 goblins
  8 hobgoblins
  8 jackals
  4 quokkas
  7 bats
  12 frilled lizards
  14 kobolds
  3 rats
  3 plants (Lair:6)
586 creatures vanquished.

Vanquished Creatures (collateral kills)
  2 dire elephants (Lair:6)
  The ghost of dobroeutro the Cleaver, a journeyman DsFi of Makhleb (IceCv)
  An ugly thing (D:11)
  A gargoyle (D:11)
  A hound (D:11)
6 creatures vanquished.

Vanquished Creatures (others)
  A human (D:13)
  An iguana (D:13)
  17 fungi
  4 plants
23 creatures vanquished.

Grand Total: 615 creatures vanquished

Notes
Turn   | Place    | Note
-------+----------+-------------------------------------------
     0 | D:1      | 4thArraOfDagon the Minotaur Conjurer began the quest for the Orb.
     0 | D:1      | Reached XP level 1. HP: 14/14 MP: 1/1
    27 | D:1      | Reached skill level 1 in Fighting
   124 | D:3      | Noticed Grinder
   127 | D:4      | Noticed a worker ant
   128 | D:4      | Found a staircase to the Ecumenical Temple.
   136 | D:4      | 4thArraOfDagon: :)
   138 | Temple   | Entered the Ecumenical Temple
   144 | Temple   | Killed a worker ant
   144 | Temple   | Reached XP level 2. HP: 8/26 MP: 3/3
   144 | Temple   | Reached XP level 3. HP: 10/31 MP: 4/4
   219 | Temple   | Became a worshipper of Qazlal Stormbringer
   364 | D:4      | Reached skill level 1 in Long Blades
   367 | D:4      | BLOAX: meliai (y)
                  | Spd:
    20 | HD: 7    | HP: 21-29
                  | AC/EV: 4/14
                  | Dam: 14, 12(poison:14-28)
                  | weapons, items, doors, priest, evil, fly
                  | Res: magic(20)
                  | Vul: poison
                  | Chunks: noxious
                  | XP: 300
                  | Sp: smiting (7-17) [!AM], heal other (2d3+3) [!AM]
                  | Sz: small
                  | Int: human.
   370 | D:4      | BLOAX: x d
   568 | D:2      | Reached skill level 2 in Long Blades
   628 | D:1      | Reached XP level 4. HP: 26/38 MP: 5/5
   749 | D:1      | Reached * piety under Qazlal
   840 | D:2      | Reached skill level 3 in Long Blades
  1180 | D:3      | BLOAX: stealth and gourmet
  1181 | D:3      | Reached skill level 4 in Long Blades
  1181 | D:3      | Reached XP level 5. HP: 42/45 MP: 6/6
  1219 | D:3      | BLOAX: dang those are some quality utility jews you're wearing there
  1219 | D:3      | Found a faded altar of an unknown god.
  1290 | D:3      | Found a transporter.
  1315 | D:3      | Reached skill level 5 in Long Blades
  1329 | D:3      | BLOAX: MISTIQ PORTAL
  1333 | D:3      | Noticed Sigmund
  1396 | D:3      | BLOAX: what a magical realm
  1406 | D:3      | Found a transporter.
  1422 | D:4      | Reached skill level 6 in Long Blades
  1422 | D:4      | Reached XP level 6. HP: 51/51 MP: 7/7
  1432 | D:4      | Noticed an orc warrior
  1437 | D:3      | Reached ** piety under Qazlal
  1645 | D:3      | Noticed greprep's ghost (amateur MiFi)
  1679 | D:5      | Entered Level 5 of the Dungeon
  2048 | D:5      | Found a shadowy altar of Dithmenos.
  2086 | D:5      | Reached skill level 7 in Long Blades
  2298 | D:6      | 4thArraOfDagon: :)
  2304 | D:6      | BLOAX: :)))))))))
  2304 | D:6      | 4thArraOfDagon: indeeeedd
  2306 | D:6      | HP: 2/51 [poisoned by a worker ant]
  2313 | D:6      | HP: 1/51 [poisoned by a worker ant]
  2323 | D:6      | HP: 1/51 [poisoned by a worker ant]
  2558 | D:7      | 4thArraOfDagon: punisheeee
  2566 | D:8      | Found Tiyfu's Jewellery Boutique.
  2579 | D:8      | Found a staircase to the Lair.
  2596 | D:8      | BLOAX: nice misgenerated lair entrance
  2597 | D:8      | Noticed a sky beast
  2628 | D:9      | Reached XP level 7. HP: 23/57 MP: 8/8
  2812 | D:9      | Reached skill level 8 in Long Blades
  2863 | D:9      | Noticed a vampire mosquito
  2864 | D:9      | Noticed a vampire mosquito
  2864 | D:9      | Noticed a vampire mosquito
  2871 | D:9      | Killed a vampire mosquito
  2871 | D:9      | Reached skill level 1 in Invocations
  2872 | D:9      | Killed a vampire mosquito
  2872 | D:9      | Reached skill level 1 in Armour
  2877 | D:9      | Noticed a vampire mosquito
  2885 | D:9      | Gained mutation: Armour fits poorly on your strangely shaped body. [potion of mutation]
  2885 | D:9      | Gained mutation: Your muscles are strong. (Str +2) [potion of mutation]
  2886 | D:9      | Killed a vampire mosquito
  2886 | D:9      | Killed a vampire mosquito
  2886 | D:9      | Reached skill level 9 in Long Blades
  2886 | D:9      | Reached XP level 8. HP: 8/66 MP: 9/9
  2938 | D:9      | BLOAX: time to die
  2942 | D:9      | Turgon: Hi - MiCj is so stupid that must be Nem' choice
  3268 | D:10     | Entered Level 10 of the Dungeon
  3284 | D:10     | Turgon: Oh, obviously it isn't
  3459 | D:9      | Reached *** piety under Qazlal
  3717 | D:6      | Reached skill level 5 in Fighting
  3720 | D:6      | Found an ancient bone altar of Kikubaaqudgha.
  3808 | D:7      | Reached skill level 10 in Long Blades
  3984 | D:5      | BLOAX: lol
  4028 | D:5      | Reached XP level 9. HP: 70/74 MP: 11/11
  4040 | D:5      | BLOAX: yermak got obs axe acq on lair:2
  4051 | D:5      | BLOAX: neat
  4295 | D:6      | Noticed Edmund
  4323 | D:7      | Reached **** piety under Qazlal
  4436 | D:9      | Reached skill level 5 in Invocations
  4493 | D:9      | Noticed a komodo dragon
  4510 | D:9      | Killed a komodo dragon
  4510 | D:9      | Reached skill level 5 in Armour
  4664 | D:10     | Reached skill level 11 in Long Blades
  4681 | D:10     | BLOAX: lol
  4996 | D:11     | Noticed a two-headed ogre
  5005 | D:11     | Killed an unseen horror
  5005 | D:11     | Reached skill level 5 in Dodging
  5005 | D:11     | Killed a two-headed ogre
  5005 | D:11     | Reached XP level 10. HP: 55/83 MP: 13/13
  5051 | D:11     | Noticed a manticore
  5062 | D:11     | Killed a manticore
  5067 | D:11     | Found a shattered altar of Ashenzari.
  5068 | D:11     | Found a flagged portal.
  5079 | Bailey   | Entered a bailey
  5146 | Bailey   | 4thArraOfDagon: again>
  5146 | Bailey   | 4thArraOfDagon: ?
  5151 | Bailey   | BLOAX: do what again
  5157 | Bailey   | BLOAX: or do you mean the obsidian axe thing
  5157 | Bailey   | 4thArraOfDagon: obsi
  5157 | Bailey   | BLOAX: because that was apparently a couple of days ago
  5157 | Bailey   | 4thArraOfDagon: i've seen him during his 25k de00epdwarf
  5168 | Bailey   | Noticed an orc knight
  5170 | Bailey   | Reached skill level 1 in Evocations
  5190 | Bailey   | Killed an orc knight
  5224 | Bailey   | BLOAX: took six tries to get there after the 10k win lol
  5268 | Bailey   | BLOAX: de00epdw00rf str00nk
  5385 | D:11     | Noticed a cyclops
  5410 | D:11     | Killed a cyclops
  5410 | D:11     | Reached skill level 12 in Long Blades
  5414 | D:11     | Gained mutation: You tend to lose your temper in combat. [mutagenic meat]
  5415 | D:11     | Gained mutation: You evolve. [mutagenic meat]
  5417 | D:11     | Gained mutation: You are robust. (+10% HP) [mutagenic meat]
  5418 | D:11     | Gained mutation: You often lose your temper in combat. [mutagenic meat]
  5851 | D:11     | Noticed a green ugly thing
  5859 | D:11     | Noticed a gargoyle
  5869 | D:11     | Killed a green ugly thing
  5870 | D:11     | Killed a gargoyle
  6299 | D:13     | Noticed a deep elf mage
  6305 | D:13     | Killed a deep elf mage
  6305 | D:13     | Reached XP level 11. HP: 86/101 MP: 15/15
  6322 | D:13     | Noticed Kirke
  6327 | D:13     | Killed Kirke
  6368 | D:13     | Lost mutation: You often lose your temper in combat. [evolution]
  6383 | D:13     | Turgon: Congrats for not becoming a pig
  6420 | D:13     | BLOAX: oink
  6427 | D:13     | BLOAX: ?
  6467 | D:13     | Turgon: I saw him once when 4thArraOfPig died
  6475 | D:13     | Turgon: (MR was too low)
  6970 | D:9      | Reached skill level 13 in Long Blades
  7083 | D:9      | Found a staircase to the Orcish Mines.
  7161 | Orc:1    | Entered Level 1 of the Orcish Mines
  7161 | Orc:1    | Found Sualuq's Antique Armour Emporium.
  7343 | Orc:1    | Found a radiant altar of Vehumet.
  7439 | Orc:1    | Noticed an orc warlord
  7448 | Orc:1    | BLOAX: oh hai mark
  7456 | Orc:1    | Killed an orc warlord
  7537 | D:9      | HP: 4/104 [troll (9)]
  7862 | Orc:2    | Entered Level 2 of the Orcish Mines
  7864 | Orc:2    | Found a staircase to the Elven Halls.
  7880 | Orc:2    | Found a dark tunnel.
  7894 | Volcano  | Entered a volcano
  7896 | Volcano  | Noticed a wizard
  7902 | Volcano  | Paralysed by a wizard for 3 turns
  7919 | Volcano  | Killed a wizard
  7919 | Volcano  | Reached XP level 12. HP: 67/113 MP: 17/17
  8047 | Volcano  | Reached ***** piety under Qazlal
  8135 | Volcano  | Reached skill level 14 in Long Blades
  8218 | Volcano  | Got a pair of pitted boots
  8229 | Volcano  | Identified the +0 pair of boots of Orthodoxy {rN+} (You found it in a volcano)
  8241 | Volcano  | BLOAX: hey
  8262 | Volcano  | BLOAX: at least thsoe boots can't get corroded to -3
  8265 | Volcano  | BLOAX: ah wait wrong version (^:
  8317 | Orc:2    | Noticed an ogre mage
  8426 | Orc:1    | Killed an ogre mage
  8458 | Orc:2    | Noticed a two-headed ogre
  8460 | Orc:2    | Noticed a two-headed ogre
  8510 | Orc:1    | Killed a two-headed ogre
  8511 | Orc:1    | Turgon: The goblin throws a stone!!!
  8511 | Orc:1    | Turgon: You die...
  8519 | Orc:1    | Killed a two-headed ogre
  8660 | Orc:2    | Noticed a two-headed ogre
  8710 | Orc:1    | Killed a two-headed ogre
  8710 | Orc:1    | Reached skill level 10 in Fighting
  8840 | Orc:1    | Lost mutation: You tend to lose your temper in combat. [evolution]
  8849 | Orc:2    | Noticed a two-headed ogre
  8859 | Orc:2    | Reached skill level 15 in Long Blades
  8862 | Orc:2    | Noticed an ogre mage
  8863 | Orc:2    | Noticed an ogre mage
  8865 | Orc:2    | Noticed a two-headed ogre
  8867 | Orc:1    | Killed a two-headed ogre
  8976 | Orc:1    | Lost mutation: You are robust. (+10% HP) [potion of mutation]
  8976 | Orc:1    | Lost mutation: Armour fits poorly on your strangely shaped body. [potion of mutation]
  8976 | Orc:1    | Lost mutation: You evolve. [potion of mutation]
  8976 | Orc:1    | Lost mutation: Your muscles are strong. (Str +2) [potion of mutation]
  8976 | Orc:1    | Gained mutation: You possess an exceptional clarity of mind. [potion of mutation]
  8976 | Orc:1    | Gained mutation: You expend magic power (3 MP) to strengthen your wands. [potion of mutation]
  8976 | Orc:1    | Gained mutation: Your magical capacity is low. (-10% MP) [potion of mutation]
  8976 | Orc:1    | Gained mutation: You are agile. (Dex +2) [potion of mutation]
  8980 | Orc:2    | Noticed an ogre mage
  8990 | Orc:1    | Killed an ogre mage
  8994 | Orc:1    | Killed a two-headed ogre
  8994 | Orc:1    | Reached skill level 10 in Armour
  9103 | Orc:2    | Killed an ogre mage
  9103 | Orc:2    | Reached XP level 13. HP: 98/113 MP: 16/16
  9208 | Orc:2    | BLOAX: gl
  9641 | Orc:2    | Found Tacwir's Distillery.
  9642 | Orc:2    | Found Zaguejau's Weapon Shop.
  9642 | Orc:2    | Found Siynor's Food Emporium.
  9642 | Orc:2    | Found Orphees's General Store.
  9652 | Orc:2    | Bought a scroll of identify for 26 gold pieces
  9652 | Orc:2    | Bought a scroll of teleportation for 39 gold pieces
  9652 | Orc:2    | Bought a scroll of teleportation for 39 gold pieces
  9652 | Orc:2    | Bought a scroll of recharging for 123 gold pieces
  9653 | Orc:2    | Bought a potion of haste for 120 gold pieces
  9653 | Orc:2    | Bought a potion of haste for 120 gold pieces
  9653 | Orc:2    | Bought a potion of curing for 36 gold pieces
  9653 | Orc:2    | Bought a potion of mutation for 96 gold pieces
  9653 | Orc:2    | Bought a potion of degeneration for 12 gold pieces
  9653 | Orc:2    | Lost mutation: You possess an exceptional clarity of mind. [potion of mutation]
  9653 | Orc:2    | Lost mutation: Your magical capacity is low. (-10% MP) [potion of mutation]
  9653 | Orc:2    | Lost mutation: You are agile. (Dex +2) [potion of mutation]
  9653 | Orc:2    | Lost mutation: You expend magic power (3 MP) to strengthen your wands. [potion of mutation]
  9653 | Orc:2    | Gained mutation: You are robust. (+10% HP) [potion of mutation]
  9653 | Orc:2    | Gained mutation: Your body sometimes deteriorates upon taking damage. [potion of mutation]
  9653 | Orc:2    | Gained mutation: Your flesh is cold resistant. (rC+) [potion of mutation]
  9653 | Orc:2    | Gained mutation: You have sharp toenails. [potion of mutation]
  9656 | Orc:2    | Bought a potion of magic for 96 gold pieces
  9746 | Orc:1    | Noticed Fannar
  9950 | Lair:1   | Entered Level 1 of the Lair of Beasts
  9962 | Lair:1   | Reached ****** piety under Qazlal
 10002 | Lair:1   | Found a frozen archway.
 10010 | IceCv    | Entered an ice cave
 10078 | IceCv    | Reached skill level 16 in Long Blades
 10092 | IceCv    | Reached skill level 10 in Dodging
 10149 | IceCv    | Noticed dobroeutro's ghost (journeyman DsFi)
 10180 | IceCv    | Killed dobroeutro's ghost
 10347 | IceCv    | Got an opalescent robe
 10829 | Lair:4   | Found a glowing silver altar of Zin.
 10873 | Lair:6   | Entered Level 6 of the Lair of Beasts
 11228 | Lair:6   | Reached XP level 14. HP: 125/137 MP: 19/19
 11347 | Lair:6   | Reached skill level 17 in Long Blades
 11596 | Lair:5   | Got a crude chain mail
 11646 | Lair:3   | Found a bloodstained altar of Trog.
 11701 | Lair:3   | Found a staircase to the Swamp.
 11703 | Lair:3   | Identified Ommyir's Disquisition on Toxins and Protection
 11814 | Lair:3   | Identified the +1 chain mail "Kouriuh" {+Blink Str+7 Int-2 Stlth+} (You found it on level 5 of the Lair of Beasts)
 11965 | Lair:2   | Identified the +1 robe of Busato {Dex+2} (You took it off a necromancer in an ice cave)
 12217 | Lair:1   | Learned a level 1 spell: Apportation
 12311 | D:8      | Gained mutation: Armour fits poorly on your strangely shaped body. [mutagenic meat]
 12429 | Elf:1    | Entered Level 1 of the Elven Halls
 12524 | Orc:2    | Reached skill level 18 in Long Blades
 13119 | Elf:1    | Found a radiant altar of Vehumet.
 13194 | Elf:3    | Entered Level 3 of the Elven Halls
 13194 | Elf:3    | Found Reihur's Food Shop.
 13339 | Elf:3    | Found Lenic's Armour Emporium.
 13458 | Elf:3    | Noticed dvd's ghost (adept HOFi)
 13512 | Elf:2    | Reached XP level 15. HP: 33/148 MP: 10/21
 13516 | Elf:2    | Killed from afar by a deep elf annihilator

Skill      XL: |  1  2  3  4  5  6  7  8  9 10 11 12 13 14 |
---------------+-------------------------------------------+-----
Fighting       | 3 4 5 6 7 8 10 11 13 | 13.0
Long Blades    | 2 4 6 7 9 10 11 12 13 15 16 18 | 18.3
Invocations    | 2 4 6 7 9 |  9.6
Armour         | 2 4 5 6 8 10 11 12 | 12.4
Dodging        | 3 4 5 6 7 9 10 11 | 11.8
Evocations     | 3 |  3.8
Stealth        | |  1.5
Spellcasting   | |  1.3
Conjurations   | |  2.9

Action                   |  1- 3 |  4- 6 |  7- 9 | 10-12 | 13-15 || total
-------------------------+-------+-------+-------+-------+-------++-------
Melee: Unarmed           |    20 |       |       |       |       ||    20
       Headbutt          |    14 |    34 |    41 |   127 |   117 ||   333
       Falchion          |    26 |   250 |   259 |   320 |       ||   855
       Scimitar          |       |       |       |   159 |       ||   159
       Great sword       |       |       |       |   105 |   655 ||   760
 Cast: Magic Dart        |     2 |       |       |       |       ||     2
Invok: Upheaval          |       |       |       |     8 |       ||     8
       Elemental Force   |       |       |       |     3 |     9 ||    12
Evoke: Wand              |       |     6 |    10 |    21 |       ||    37
       Lamp of fire      |       |       |       |     1 |       ||     1
       Phantom mirror    |       |       |       |     1 |       ||     1
  Use: Scroll            |     1 |     8 |     4 |    12 |     8 ||    33
       Potion            |       |     5 |     3 |     3 |     4 ||    15
 Stab: Paralysed         |       |       |       |    16 |       ||    16
       Distracted        |       |       |       |       |     2 ||     2
  Eat: Chunk             |       |     7 |     7 |    10 |     3 ||    27
       Fruit             |       |       |     2 |     8 |       ||    10
       Royal jelly       |       |       |     1 |       |     2 ||     3
       Meat ration       |       |       |       |     1 |     2 ||     3
Armor: Robe              |     3 |       |       |       |       ||     3
       Ring mail         |    13 |    74 |    51 |       |       ||   138
       Scale mail        |       |       |    20 |    53 |       ||    73
       Skin              |       |       |     1 |    14 |       ||    15
       Plate armour      |       |       |       |    62 |     7 ||    69
       Troll leather arm |       |       |       |    20 |   116 ||   136
Dodge: Dodged            |    29 |   144 |   110 |   300 |   483 ||  1066
       Deflected         |       |       |     2 |    38 |    26 ||    66
Block: Other             |       |    24 |    39 |   143 |   229 ||   435
       Rpst.: Falchion   |     4 |    34 |    30 |    32 |       ||   100
       Scimitar          |       |       |       |    17 |       ||    17
       Great sword       |       |       |       |    15 |   116 ||   131
